Map: Prion Terraces

Players

Hellalive

  • Race: Zerg Zerg
  • League: Diamond

Hindulaatti - Winner!

  • Race: Terran Terran
  • League: Diamond

VOD

Have the link to the VOD?

Description

Time

  • Played on: Feb. 19, 2016, 5:40 p.m.
  • Length: 9:37
Show
View Real Time Build Order
Export as new Build Order

Hellalive Zerg 

Build Orders: Pool First 

Get SALT Encoding   

  12  0:00  Drone  
  13  0:18  Overlord  
  13  0:20  Drone  
  14  0:27  Extractor  
  13  0:34  Drone  
  14  0:36  Drone  
  14  0:40  Drone  
  16  0:49  Spawning Pool  
  15  0:53  Drone  
  16  1:02  Drone  
  17  1:12  Drone  
  18  1:23  Drone  
  19  1:34  Hatchery  
  19  1:39  Roach Warren  
  17  1:41  Drone  
  18  1:52  Queen  
  20  1:59  Drone  
  21  2:03  Overlord  
  21  2:08  Drone  
  22  2:22  Roach  
  24  2:28  Roach  
  26  2:30  Queen  
  28  2:38  Roach  
  30  2:50  Drone  
  31  2:51  Queen  
  31  2:52  Drone  
  31  2:53  Ravager  
  31  2:54  Ravager  
  31  2:57  Overlord  
  36  3:02  Extractor  
  36  3:03  Ravager  
  37  3:09  Overlord  
  37  3:17  Drone x4  
  41  3:21  Drone  
  42  3:28  Overlord  
  42  3:29  Drone  
  43  3:36  Drone x2  
  43  3:41  Drone x3  
  45  3:57  Hatchery  
  41  4:07  Overlord  
  41  4:09  Extractor  
  40  4:11  Extractor x2  
  40  4:12  Drone x3  
  40  4:13  Evolution Chamber  
  40  4:14  Drone x3  
  40  4:15  Evolution Chamber  
  42  4:19  Drone  
  42  4:20  Drone x2  
  42  4:22  Drone  
  46  4:33  Drone x2  
  46  4:36  Drone  
  49  4:44  Zerg Ground Armor Level 1, Zerg Melee Weapons Level 1  
  49  4:46  Lair  
  49  4:49  Zergling x8  
  53  4:54  Overlord  
  53  4:58  Drone x2  
  56  5:00  Drone  
  56  5:01  Drone  
  58  5:07  Drone  
  58  5:11  Drone  
  59  5:14  Metabolic Boost  
  59  5:16  Drone x4  
  59  5:18  Drone x3  
  66  5:23  Drone  
  66  5:25  Drone  
  68  5:33  Drone x3  
  71  5:38  Overlord, Baneling Nest  
  71  5:41  Queen x2  
  74  5:49  Extractor  
  73  5:50  Spore Crawler, Extractor  
  73  5:52  Drone x3, Spine Crawler  
  73  5:54  Drone  
  73  5:56  Overlord  
  74  5:57  Overlord  
  74  6:04  Overlord  
  74  6:09  Overseer x2  
  73  6:11  Drone  
  73  6:12  Zergling x4  
  73  6:13  Zergling x6, Spire  
  73  6:16  Zergling x6  
  81  6:34  Overlord x2  
  81  6:37  Drone  
  81  6:39  Zergling x2, Infestation Pit  
  82  6:40  Zergling x16  
  90  7:07  Drone  
  90  7:08  Drone x2  
  93  7:09  Drone x2  
  93  7:12  Hatchery  
  94  7:18  Overlord  
  94  7:20  Extractor  
  94  7:21  Overseer, Hive  
  93  7:23  Overlord x2, Extractor  
  93  7:24  Mutalisk  
  93  7:25  Mutalisk x6  
  93  7:27  Overseer  
  106  7:36  Drone  
  106  7:37  Hatchery  
  106  7:40  Drone, Hatchery  
  106  7:41  Zergling x6  
  106  7:42  Zergling x6  
  106  7:43  Zergling x2  
  113  7:44  Overseer  
  113  7:45  Overseer  
  113  8:00  Mutalisk  
  113  8:01  Mutalisk x2  
  115  8:12  Baneling x14  
  114  8:18  Drone x4  
  114  8:19  Drone x6  
  124  8:24  Drone x4  
  111  8:48  Zergling x18  
  106  8:57  Zergling x10  
  108  9:14  Zergling x6  
  108  9:15  Zergling x6  
Show
View Real Time Build Order
Export as new Build Order

Hindulaatti Terran - Winner!

Build Orders: MMM Bio 

Get SALT Encoding   

  12  0:01  SCV  
  13  0:14  SCV  
  14  0:18  Supply Depot  
  14  0:26  SCV  
  15  0:39  SCV  
  15  0:40  Barracks  
  16  0:51  Refinery, SCV  
  17  1:03  SCV  
  18  1:18  SCV  
  19  1:30  Marine  
  19  1:32  Orbital Command  
  20  1:33  Supply Depot  
  20  1:42  Refinery  
  20  1:48  Marine  
  20  1:52  Barracks  
  21  2:05  SCV  
  21  2:06  Marine  
  23  2:10  Factory  
  23  2:17  SCV  
  23  2:24  Marine  
  24  2:31  Supply Depot, SCV  
  25  2:41  Marine  
  26  2:45  Barracks  
  26  2:47  Barracks Tech Lab  
  26  2:49  SCV  
  27  2:53  Factory Tech Lab  
  27  3:02  SCV, Barracks Reactor  
  28  3:08  Marauder  
  28  3:09  Stimpack  
  30  3:21  Siege Tank  
  33  3:37  Barracks Reactor  
  33  3:39  Command Center  
  31  3:54  Marine x3  
  33  4:08  SCV  
  34  4:14  Supply Depot  
  34  4:15  Marine, Hellion  
  34  4:16  Marine x2  
  39  4:17  Starport  
  39  4:23  Supply Depot  
  39  4:35  Marine x2  
  41  4:42  Siege Tank  
  44  4:51  SCV x2  
  46  4:54  Supply Depot  
  46  4:56  Engineering Bay  
  46  4:57  Marine  
  46  4:59  Engineering Bay  
  47  5:01  Starport Reactor  
  47  5:10  Refinery  
  47  5:12  SCV  
  47  5:13  SCV  
  49  5:21  Marauder, Marine  
  49  5:26  Terran Infantry Weapons Level 1  
  49  5:27  SCV  
  53  5:31  Orbital Command  
  53  5:37  Supply Depot  
  53  5:42  Marine x2  
  54  5:43  Marine x2  
  54  5:46  Combat Shields  
  57  5:54  SCV  
  59  5:57  SCV  
  59  6:03  Terran Infantry Armor Level 1  
  59  6:07  SCV  
  59  6:09  SCV  
  61  6:13  Medivac  
  63  6:19  SCV  
  63  6:21  SCV  
  63  6:22  Marauder, Marine x4  
  71  6:28  Supply Depot  
  71  6:30  Supply Depot  
  71  6:31  SCV  
  72  6:36  Medivac  
  74  6:40  Marine  
  74  6:43  Medivac  
  77  6:57  Liberator  
  77  6:58  SCV x2  
  78  7:04  Supply Depot, Refinery  
  78  7:06  Supply Depot  
  76  7:10  SCV x2  
  76  7:13  Medivac  
  76  7:14  Marine  
  76  7:15  Marine x4  
  85  7:22  Barracks  
  88  7:23  Barracks  
  88  7:31  Command Center  
  88  7:32  Marine  
  88  7:33  Marine x3  
  92  7:40  Siege Tank  
  92  7:41  Armory  
  95  7:49  Missile Turret  
  95  7:57  Marine x2, SCV x2  
  95  7:58  Marauder, Marine x2  
  103  8:01  Missile Turret  
  103  8:03  Missile Turret  
  103  8:09  SCV  
  96  8:15  Marine x3, Barracks Reactor  
  96  8:16  Marine  
  96  8:17  Barracks Reactor  
  96  8:19  Marine  
  99  8:33  Marine  
  100  8:40  Marine x3  
  92  9:00  Marine  
  92  9:01  Marine x8  
  97  9:17  SCV x2  
  97  9:18  Marine  
  97  9:19  Marine x8  
Tags
 
Composition
MMM Bio
Matchup
TvZ
Opening
Pool First
Replay Pack
22.2.2016
Add a new tag
Caveats
  • Supply blocks, unpowered buildings, or Contaminate may cause inaccurate times.
  • Supply counts are checked every 10 seconds.